 Dungeon Crawl Stone Soup version 0.18.1-8-gdd0e5ea (webtiles) character file.

66 santipi the Charmwright (level 3, -5/25 HPs)
             Began as a High Elf Skald on June 9, 2016.
             Slain by Sigmund
             ... wielding a +0 scythe
              (7 damage)
             ... on level 2 of the Dungeon.
             The game lasted 00:07:40 (1681 turns).

santipi the Charmwright (High Elf Skald)            Turns: 1681, Time: 00:07:40

Health: -5/25      AC:  8    Str: 14    XL:     3   Next: 96%
Magic:  8/8        EV:  6    Int: 16    God:
Gold:   14         SH:  0    Dex: 14    Spells: 2 memorised, 4 levels left

rFire  . . .     SeeInvis .     a - +0 falchion
rCold  . . .     Gourm    .     f - +0 chain mail
rNeg   . . .     Faith    .     (no shield)
rPois  .         Spirit   .     (no helmet)
rElec  .         Dismiss  .     (no cloak)
rCorr  .         Reflect  .     (no gloves)
SustAt .         Harm     .     (no boots)
MR     .....                    (no amulet)
Stlth  ..........               (no ring)
                                (no ring)

@: confused, not resistant to hostile enchantments, extremely unstealthy
A: strong 1
a: no special abilities


You were on level 2 of the Dungeon.
You were not hungry.

You visited 1 branch of the dungeon, and saw 2 of its levels.

You collected 14 gold pieces.

Inventory:

Hand Weapons
 a - a +0 falchion (weapon)
Missiles
 n - 23 bolts
Armour
 f - a +0 chain mail (worn)
Scrolls
 g - 3 scrolls of identify {unknown}
 h - a scroll of enchant armour {unknown}
 j - a scroll of teleportation {unknown}
Potions
 i - a potion of lignification
Books
 c - a book of Battle

   Spells                             Type                      Level
   a - Infusion                       Charms                       1
   b - Shroud of Golubria             Charms/Translocation         2
   c - Song of Slaying                Charms                       2
   d - Spectral Weapon                Hexes/Charms                 3
   e - Regeneration                   Charms/Necromancy            3
Comestibles
 b - a slice of pizza
 d - 3 bread rations
 k - a chunk of flesh


   Skills:
 + Level 2.4 Fighting
 + Level 3.2 Long Blades
 + Level 1.9 Armour
 + Level 1.5 Dodging
 + Level 2.8 Spellcasting
 + Level 4.0 Charms


You had 4 spell levels left.
You knew the following spells:

 Your Spells              Type           Power        Failure   Level  Hunger
a - Infusion              Chrm           ###.         90%         1    #......
b - Song of Slaying       Chrm           ###.....     98%         2    ##.....


Dungeon Overview and Level Annotations

Branches:
Dungeon (2/15)

Altars:
Pakellas

Annotations:
D:2 Sigmund


Innate Abilities, Weirdness & Mutations

Your muscles are strong. (Str +2)


Message History

Your chain mail prevents you from hitting Sigmund.
Sigmund hits you with a scythe!
You hit Sigmund.
Sigmund is moderately wounded.
You closely miss Sigmund.
Sigmund is moderately wounded.
Sigmund gestures at you while chanting.
You are confused.
Sigmund hits you with a scythe!
* * * LOW HITPOINT WARNING * * *
You're too confused!
You closely miss Sigmund.
Sigmund is moderately wounded.
Sigmund casts a spell at you. The magic dart hits you!
* * * LOW HITPOINT WARNING * * *
The kobold shouts!
Sigmund says, "I'm your fate." Sigmund hits you with a scythe!
You die...

############ #
#..<.......#########
####...................
###########.....................)
#>)..............................
.....######...........K..........
.....# #......................
.....# #......................
.....### #.....@.........K......
.......# #......@..?...........[
....##.# #........########.....#
....+ .# #........# #.....# ....#
............# #...... ....#
....################.....# #.....
...+..............'...... ######.
...#.##############....<.
######.##.##.######.. #..........


You could see Sigmund and a kobold.

Vanquished Creatures
  2 adders (D:2)
  A worm (D:2)
  A dart slug (D:1)
  A giant gecko (D:1)
  3 bats
  3 giant cockroaches
  7 goblins
  4 hobgoblins (D:1)
  4 jackals
  2 quokkas (D:2)
  2 ball pythons
  2 giant newts
  2 kobolds (D:1)
  3 rats
37 creatures vanquished.

Vanquished Creatures (others)
  A wolf spider (D:2)
1 creature vanquished.

Grand Total: 38 creatures vanquished

Notes
Turn   | Place    | Note
--------------------------------------------------------------
     0 | D:1      | santipi the High Elf Skald began the quest for the Orb.
     0 | D:1      | Reached XP level 1. HP: 14/14 MP: 4/4
   209 | D:1      | Reached XP level 2. HP: 15/19 MP: 6/6
   247 | D:1      | Reached skill level 1 in Armour
   904 | D:1      | Learned a level 2 spell: Song of Slaying
   918 | D:2      | Reached skill level 4 in Charms
   932 | D:2      | Reached XP level 3. HP: 25/25 MP: 8/8
  1017 | D:2      | Found an oddly glowing altar of Pakellas.
  1017 | D:2      | Noticed a wolf spider
  1034 | D:2      | Killed a wolf spider
  1325 | D:2      | Gained mutation: Your muscles are strong. (Str +2) [potion of beneficial mutation]
  1333 | D:2      | HP: 1/37 [poisoned by an adder]
  1670 | D:2      | Noticed Sigmund
  1681 | D:2      | Slain by Sigmund

Skill      XL: |  1  2  3 |
---------------+----------+-----
Armour         | 1 |  1.9
Charms         | 4 |  4.0
Long Blades    | 3 |  3.2
Fighting       | |  2.4
Dodging        | |  1.5
Spellcasting   | |  2.8

Action                   || total
-------------------------++-------
Melee: Falchion          ||   167
  Use: Potion            ||     5
  Eat: Chunk             ||     3
Armor: Chain mail        ||   125
       Ring mail         ||     3
       Skin              ||     3
Dodge: Dodged            ||    51
